 Dungeon Crawl Stone Soup version 0.24-b1 (webtiles) character file.

Game seed: 3437311622415218986, levelgen mode: deterministic

127 CryoSword the Skirmisher (level 4, 0/37 HPs)
             Began as a Demonspawn Fighter on Oct 13, 2019.
             Slain by Crazy Yiuf
             ... wielding a +2 quarterstaff of chaos
              (1 damage)
             ... on level 2 of the Dungeon.
             The game lasted 00:04:47 (2559 turns).

CryoSword the Skirmisher (Demonspawn Fighter)       Turns: 2559, Time: 00:04:47

Health: 0/37       AC: 12    Str: 23    XL:     4   Next: 85%
Magic:  4/4        EV:  9    Int:  9    God:
Gold:   23         SH:  0    Dex: 12    Spells: 3/3 levels left

rFire    . . .     SeeInvis .   a - +1 long sword
rCold    . . .     Gourm    .   (no shield)
rNeg     . . .     Faith    .   l - +0 scale mail (curse)
rPois    .         Spirit   .   (no helmet)
rElec    .         Reflect  .   (no cloak)
rCorr    .         Harm     .   (no gloves)
MR       .....                  (no boots)
Stlth    ..........             (no amulet)
HPRegen  0.12/turn              q - ring of attention (curse)
MPRegen  0.09/turn              (no ring)

@: mighty, lethally poisoned (0 -> -6), sanguine armour, slowed, very slow
A: sanguine armour 1
a: no special abilities


You were on level 2 of the Dungeon.
You were not hungry.

You visited 1 branch of the dungeon, and saw 2 of its levels.

You collected 23 gold pieces.

Inventory:

Hand Weapons
 a - a +1 long sword (weapon)
Missiles
 h - 19 poisoned darts (quivered)
Armour
 c - a +0 shield
 l - a cursed +0 scale mail (worn)
   (You found it on level 2 of the Dungeon)
Jewellery
 q - a cursed ring of attention (left hand)
   (You found it on level 2 of the Dungeon)
Scrolls
 j - 3 scrolls of identify {@r1}
Potions
 b - a potion of haste {@q3}
 e - 2 potions of heal wounds {unknown}
 i - a potion of flight {unknown}
 n - a potion of curing {unknown}
 p - a potion of magic {unknown}
Comestibles
 f - 2 rations {!d}
 g - 2 chunks of flesh


   Skills:
 + Level 3.7 Fighting
 * Level 3.5 Long Blades
 - Level 2.6 Armour
 + Level 3.4 Shields


You had 3 spell levels left.
You didn't know any spells.
Your spell library was empty.

Dungeon Overview and Level Annotations

Branches:
Dungeon (2/15)

Altars:
Sif Muna
Wu Jian
The Shining One

Annotations:
D:2 Crazy Yiuf


Innate Abilities, Weirdness & Mutations

When seriously injured, your bleeding wounds create armour. (AC +6)


Message History

A bat is nearby!
A bat is nearby!
A bat is nearby!
The bat hits you but does no damage.
You slash the bat!
You kill the bat!
No target in view!
No target in view!
A giant cockroach comes into view.
A giant cockroach is nearby!
A giant cockroach is nearby!
A giant cockroach is nearby!
The giant cockroach bites you but does no damage. x2
Found an opal ring.
You hit the giant cockroach.
The giant cockroach is severely wounded.
The giant cockroach barely misses you.
You hit the giant cockroach but do no damage.
The giant cockroach is severely wounded.
The giant cockroach bites you but does no damage.
The giant cockroach bites you.
You hit the giant cockroach.
You kill the giant cockroach!
No target in view!
No target in view!
You butcher the giant cockroach corpse.
g - 7 chunks of flesh (gained 2)
p - a ruby potion
q - an opal ring You see here a +0 club.
Things that are here:
a +0 club x2
Some of the chunks of flesh in your inventory have rotted away.
Eating one of 3 chunks of flesh.
You eat one of the 3 chunks of flesh.
This raw flesh tastes terrible.
Crazy Yiuf shouts!
No reachable target in view!
Oops, that ring feels deathly cold.
q - a cursed ring of attention (left hand)
As you read the scroll labeled DAOLENOAMU, it crumbles to dust.
It is a scroll of enchant weapon.
Your +0 long sword glows red for a moment.
As you read the scroll labeled UTEBRA RINYH, it crumbles to dust.
You feel aware of your surroundings.
You sensed 2 altars.
It was a scroll of magic mapping.
As you read the scroll labeled FOOCKA BAIS, it crumbles to dust.
The scroll dissolves into smoke.
It was a scroll of fog.
You open the door.
Crazy Yiuf says, "Hah sing sing-song!"
You closely miss Crazy Yiuf.
Crazy Yiuf hits you with a +2 quarterstaff of chaos!
You are poisoned.
You closely miss Crazy Yiuf.
You feel sick. Crazy Yiuf closely misses you.
You riposte.
You closely miss Crazy Yiuf. You hit Crazy Yiuf.
Crazy Yiuf is lightly wounded.
Your blood congeals into armour.
You feel sick. Crazy Yiuf hits you but does no damage.
You closely miss Crazy Yiuf.
Crazy Yiuf is lightly wounded.
You feel sick.
Crazy Yiuf hits you but does no damage. x2
You hit Crazy Yiuf.
Crazy Yiuf is moderately wounded.
You feel sick. Crazy Yiuf closely misses you.
You barely miss Crazy Yiuf.
Crazy Yiuf is moderately wounded.
You feel sick.
Crazy Yiuf hits you with a +2 quarterstaff of chaos.
* * * LOW HITPOINT WARNING * * *
Crazy Yiuf burns you.
* * * LOW HITPOINT WARNING * * *
You hit Crazy Yiuf.
Crazy Yiuf is heavily wounded.
You feel sick.
Crazy Yiuf hits you with a +2 quarterstaff of chaos.
* * * LOW HITPOINT WARNING * * *
Crazy Yiuf freezes you.
* * * LOW HITPOINT WARNING * * *
You barely miss Crazy Yiuf.
Crazy Yiuf is heavily wounded.
You feel sick. Crazy Yiuf closely misses you.
You hit Crazy Yiuf but do no damage.
Crazy Yiuf is heavily wounded.
You feel sick.
Crazy Yiuf hits you with a +2 quarterstaff of chaos.
* * * LOW HITPOINT WARNING * * *
You hit Crazy Yiuf.
Crazy Yiuf is severely wounded.
* * * LOW HITPOINT WARNING * * *
You feel sick. Crazy Yiuf hits you but does no damage.
You feel yourself slow down.
You feel very mighty all of a sudden.
* * * LOW HITPOINT WARNING * * *
You feel sick.
Crazy Yiuf hits you with a +2 quarterstaff of chaos.
* * * LOW HITPOINT WARNING * * *
Crazy Yiuf burns you.
* * * LOW HITPOINT WARNING * * *
Crazy Yiuf hits you with a +2 quarterstaff of chaos.
You die...

########
#.#######
#......#
###.######
#.####.#
#........#
#.# #.#
#####
#.#.####.##
###.####.#
#..)# ##.#.#
#...
#.....##.#
#...# #....#
####
###.###.####
*...* ##...#
....# #....#
*#g#* #...#
<##.###.##.#
♣♣@♣ #...#
.##.....##.#
♣§♣♣
#...#######
.####.####.#
♣♣§♣
##..........
...........#
♣.♣♣
#........###
.###.......#
♣♣.♣♣
##..####.#
.# #.#.###.#
♣...♣♣
#.....##.#
.# #.#.###.#
♣....♣
#####.##.#
.# #....##.#
#....#
#.##.#
.###....#..#
#....####
#.##.###


You could see Crazy Yiuf.

Vanquished Creatures
  7 adders (D:2)
  An ooze (D:2)
  2 dart slugs (D:1)
  A leopard gecko (D:2)
  5 giant cockroaches
  9 hobgoblins
  3 jackals
  5 bats
  A frilled lizard (D:1)
  5 goblins
  7 kobolds
  9 rats
55 creatures vanquished.

Notes
Turn   | Place    | Note
-------+----------+-------------------------------------------
     0 | D:1      | CryoSword the Demonspawn Fighter began the quest for the
                  | Orb.
     0 | D:1      | Reached XP level 1. HP: 18/18 MP: 1/1
   262 | D:1      | Gained mutation: When seriously injured, your bleeding
                  | wounds create armour. (AC +6) [demonic ancestry]
   262 | D:1      | Reached XP level 2. HP: 24/24 MP: 2/2
   497 | D:1      | You fall into a shaft and drop 1 floor!
   793 | D:1      | Reached XP level 3. HP: 29/29 MP: 3/3
   915 | D:2      | Found a shimmering blue altar of Sif Muna.
   916 | D:2      | Found an ornate altar of the Wu Jian Council.
  1394 | D:2      | Reached XP level 4. HP: 32/35 MP: 4/4
  1810 | D:2      | Found a runed translucent door.
  1811 | D:2      | Noticed Crazy Yiuf
  2257 | D:2      | Found a glowing golden altar of the Shining One.
  2559 | D:2      | HP: 1/37 [Crazy Yiuf/+2 quarterstaff of chaos (1)]
  2559 | D:2      | Slain by Crazy Yiuf

Skill      XL: |  1  2  3 |
---------------+----------+-----
Long Blades    | 2 3 |  3.5
Shields        | 3 |  3.4
Fighting       | |  3.7
Armour         | |  2.6

Action                   |  1- 3 |  4- 6 || total
-------------------------+-------+-------++-------
Melee: Long sword        |   114 |    84 ||   198
Throw: Dart              |       |     3 ||     3
  Use: Scroll            |     1 |     3 ||     4
       Potion            |       |     1 ||     1
  Eat: Chunk             |     2 |     4 ||     6
Armor: Scale mail        |    71 |    62 ||   133
Dodge: Dodged            |    76 |    43 ||   119
       Rpst.: Long sword |    24 |    11 ||    35
